Stars vs Kings

Created - December-20-12 at 17:36

Goals
1 2 3 T
Stars 1 1 1 3
Kings 0 0 1 1
Shots
1 2 3 T
Stars 4 10 6 20
Kings 11 11 8 30

1st period

1. Stars , Alec Martinez 10 (Brad Richards, Mike Cammalleri) at 2:28

Penalties :
Daniel Carcillo (DAL) for Hooking (Minor) at 5:03, Scott Gomez (DAL) for Hooking (Minor) at 7:35, Mike Komisarek (DAL) for Roughing (Minor) at 10:38, Matt Hendricks (LOS) for High sticking (Minor) at 13:44

2nd period

2. Stars , Rene Bourque 8 (Alec Martinez, Ville Leino) at 17:53 (PP)

Penalties :
Mike Komisarek (DAL) for Roughing (Minor) at 5:45, Jonathon Blum (LOS) for Hooking (Minor) at 13:43, Sergei Gonchar (LOS) for Roughing (Minor) at 16:52, Nicklas Grossmann (DAL) for Hooking (Minor) at 17:58, Mike Komisarek (DAL) for Slashing (Minor) at 18:13

3rd period

3. Stars , Brad Richards 6 (Cam Atkinson) at 7:11
4. Kings , Matt Duchene 5 (Joe Corvo, Justin Faulk) at 8:44

Penalties :
Brandon Prust (DAL) for Holding (Minor) at 16:32, Brandon Prust (DAL) for Hooking (Minor) at 19:54

Goalie Stats

Mathieu Garon (DAL), 29 saves from 30 shots - (0.967), W, 7-8-2, 60:00 minutes
Nikolai Khabibulin (LOS), 17 saves from 20 shots - (0.850), L, 1-7-0, 60:00 minutes

Players Stats for Stars

Player Name              G  A  P  +/- PIM S  H  SB GA TA FO     MP     PP MP  PK MP  
------------------------------------------------------------------------------------
Alec Martinez            1  1  2   0  0   1  6  1  0  0  0/0    20:50   2:08   5:45 
Brad Richards            1  1  2   1  0   3  2  0  0  0  8/18   16:51   2:26   0:34 
Brandon Prust            0  0  0   0  4   2  1  0  0  0  2/3    18:47   0:00   5:47 
Cam Atkinson             0  1  1   1  0   2  0  0  0  0  0/0    16:20   2:29   0:00 
Daniel Carcillo          0  0  0   0  2   0  2  0  0  0  0/0    13:18   0:04   0:10 
Derick Brassard          0  0  0   0  0   2  3  0  0  0  7/15   19:15   2:26   0:58 
Jakub Kindl              0  0  0   0  0   0  1  0  0  0  0/0     9:55   2:51   1:33 
John-Michael Liles       0  0  0   0  0   1  0  1  0  0  0/0    15:05   2:08   0:00 
Keith Ballard            0  0  0   0  0   0  3  1  0  0  0/0     5:31   0:00   0:00 
Matt Martin              0  0  0   0  0   1  1  0  0  0  0/1    16:03   0:00   2:58 
Mike Cammalleri          0  1  1   1  0   3  0  0  0  0  0/2    18:22   2:26   0:00 
Mike Komisarek           0  0  0   0  6   0  1  2  0  0  0/0    14:12   0:00   2:48 
Nick Schultz             0  0  0   1  0   1  2  0  0  0  0/0    20:46   0:00   7:53 
Nicklas Grossmann        0  0  0   1  2   0  9  1  0  0  0/0    18:55   0:00   6:03 
Raphael Diaz             0  0  0   0  0   1  0  2  0  0  0/0    14:42   2:51   0:25 
Rene Bourque             1  0  1   0  0   3  1  0  0  0  8/18   24:40   2:33   8:21 
Scott Gomez              0  0  0   0  2   0  0  0  0  0  2/4     3:46   0:00   0:58 
Ville Leino              0  1  1   0  0   0  0  0  0  0  8/23   18:36   2:33   2:58 

Players Stats for Kings

Player Name              G  A  P  +/- PIM S  H  SB GA TA FO     MP     PP MP  PK MP  
------------------------------------------------------------------------------------
Brian Boyle              0  0  0   0  0   3  4  0  0  0  19/34  26:10   6:53   3:54 
Devante Smith-Pelly      0  0  0   0  0   0  0  0  0  0  0/0     3:07   0:00   0:00 
Erik Condra              0  0  0   0  0   4  0  0  0  0  0/1    20:10   6:53   1:01 
Jamie McBain             0  0  0  -1  0   2  2  1  0  0  0/0    12:11   0:00   0:00 
Joe Corvo                0  1  1   0  0   2  0  0  0  0  0/0    22:35   5:18   2:51 
Jonathon Blum            0  0  0  -1  2   0  1  1  0  0  0/0    12:32   0:00   0:22 
Justin Faulk             0  1  1   0  0   2  2  0  0  0  0/0    22:35   5:18   2:51 
Luke Adam                0  0  0   0  0   3  0  0  0  0  2/3    20:04   5:21   0:00 
Matt Duchene             1  0  1   0  0   3  0  0  0  0  18/30  21:05   5:21   1:01 
Matt Hendricks           0  0  0  -1  2   1  1  1  0  0  0/0    12:40   0:00   0:00 
Matt Taormina            0  0  0   0  0   1  0  0  0  0  0/0     2:27   0:00   0:00 
Michael Frolik           0  0  0  -1  0   2  0  0  0  0  8/9    12:41   0:00   0:00 
Michael Rupp             0  0  0   0  0   0  1  0  0  0  2/5     3:07   0:00   0:00 
Ryan Johansen            0  0  0  -1  0   2  0  1  0  0  0/1    12:45   0:00   0:04 
Sean Bergenheim          0  0  0   0  0   1  2  0  0  0  0/1    23:07   6:53   3:58 
Sergei Gonchar           0  0  0   0  2   0  2  1  0  0  0/0    24:51   6:56   1:46 
Vyacheslav Voynov        0  0  0   0  0   2  3  0  0  0  0/0    22:47   6:56   2:08 
Wojtek Wolski            0  0  0   0  0   2  3  0  0  0  0/0    20:04   5:21   0:00 

3 Stars

1 - Alec Martinez (DAL)
2 - Brad Richards (DAL)
3 - Mathieu Garon (DAL)

Power Play

Stars - 1 on 3 Attempt(s) - 33.33%
Kings - 0 on 8 Attempt(s) - 0.00%

Penalty Kill

Stars - 8 on 8 Attempt(s) - 100.00% - Score 0 goal in Penalty Kill
Kings - 2 on 3 Attempt(s) - 66.67% - Score 0 goal in Penalty Kill

Official

Referees : Graham Skiliter and Francis Charron
Linesman : Ryan Galloway and Brad Kovachik

Game Notes

No Game Note

Finance

Level 1 -- Attendance: 5856 (90.09%) -- Ticket Income $468,480
Level 2 -- Attendance: 5000 (100.00%) -- Ticket Income $250,000
Level 3 -- Attendance: 3500 (100.00%) -- Ticket Income $122,500
Level 4 -- Attendance: 2118 (100.00%) -- Ticket Income $42,360
Luxury Box -- Attendance: 920 (92.00%) -- Ticket Income $184,000
Game was played at the Staples Center
Total Attendance: 17394 (96.00%)
Total Ticket Income: $1,067,340
Other Income: $160,101
Total Income: $1,227,441


% Time on Ice - Stars

Lines # - Real PCT - Wanted PCT - Time Play
Normal Forward
1 - 30% - 34% - 13:02
2 - 32% - 34% - 13:51
3 - 31% - 25% - 13:05
4 - 7% - 7% - 2:49
Normal Defense
1 - 30% - 35% - 12:53
2 - 30% - 35% - 12:57
3 - 27% - 25% - 11:26
4 - 13% - 5% - 5:31
PP Forward
1 - 49% - 70% - 2:26
2 - 51% - 30% - 2:33
PP Defense
1 - 43% - 65% - 2:08
2 - 57% - 35% - 2:51
PK Forward
1 - 72% - 60% - 7:32
2 - 28% - 40% - 2:58
PK Defense
1 - 58% - 70% - 6:04
2 - 42% - 30% - 4:26
PK3 Forward
1 - 89% - 60% - 1:33
2 - 11% - 40% - 0:11
PK3 Defense
1 - 100% - 70% - 1:44
2 - 0% - 30% - 0:00
44 Forward
1 - 0% - 60%
2 - 0% - 40%
44 Defense
1 - 0% - 60%
2 - 0% - 40%
Last Minute Offensive  - 0:00
Last Minute Defensive  - 0:00
Total
Forward - 60:00
Defense - 60:00

% Time on Ice - Kings

Lines # - Real PCT - Wanted PCT - Time Play
Normal Forward
1 - 29% - 40% - 12:16
2 - 34% - 30% - 14:43
3 - 30% - 20% - 12:41
4 - 7% - 10% - 3:07
Normal Defense
1 - 32% - 40% - 13:43
2 - 34% - 30% - 14:26
3 - 28% - 20% - 12:11
4 - 6% - 10% - 2:27
PP Forward
1 - 56% - 60% - 6:53
2 - 44% - 40% - 5:21
PP Defense
1 - 57% - 60% - 6:56
2 - 43% - 40% - 5:18
PK Forward
1 - 80% - 60% - 3:58
2 - 20% - 40% - 1:01
PK Defense
1 - 43% - 60% - 2:08
2 - 57% - 40% - 2:51
PK3 Forward
1 - 0% - 60%
2 - 0% - 40%
PK3 Defense
1 - 0% - 60%
2 - 0% - 40%
44 Forward
1 - 0% - 60%
2 - 0% - 40%
44 Defense
1 - 0% - 60%
2 - 0% - 40%
Last Minute Offensive  - 0:00
Last Minute Defensive  - 0:00
Total
Forward - 60:00
Defense - 60:00

Play by Play

1st period


0:01 of 1st period - Derick Brassard wins face-off versus Brian Boyle in neutral zone.
0:37 of 1st period - Brandon Prust is hit by Vyacheslav Voynov and loses puck.
1:03 of 1st period - Off-side.
1:04 of 1st period - Matt Duchene wins face-off versus Ville Leino in neutral zone.
1:32 of 1st period - Justin Faulk is hit by Daniel Carcillo and loses puck.
2:04 of 1st period - John-Michael Liles is hit by Jamie McBain and loses puck.
2:26 of 1st period - Shot by Mike Cammalleri.
2:26 of 1st period - Deflect By Brad Richards.
2:26 of 1st period - Shot Misses the Net.
2:28 of 1st period - Shot by Alec Martinez.
2:28 of 1st period - Goal by Alec Martinez - Stars : 1 - Kings : 0.
2:29 of 1st period - Derick Brassard wins face-off versus Michael Rupp in neutral zone.
2:29 of 1st period - Derick Brassard is hit by Michael Rupp.
4:01 of 1st period - Icing by Jamie McBain.
4:02 of 1st period - Michael Frolik wins face-off versus Mike Cammalleri in Kings zone.
4:02 of 1st period - Michael Frolik is hit by Brad Richards.
4:05 of 1st period - Icing by Jamie McBain.
4:06 of 1st period - Michael Frolik wins face-off versus Brad Richards in Kings zone.
4:10 of 1st period - Off-side.
4:11 of 1st period - Brian Boyle wins face-off versus Brad Richards in neutral zone.
4:26 of 1st period - Shot by Erik Condra.
4:26 of 1st period - Shot Misses the Net.
4:46 of 1st period - Shot by Erik Condra.
4:46 of 1st period - Stopped by Mathieu Garon without a rebound.
4:47 of 1st period - Ville Leino wins face-off versus Matt Duchene in Stars zone.
4:55 of 1st period - Off-side.
4:56 of 1st period - Ville Leino wins face-off versus Luke Adam in neutral zone.
5:03 of 1st period - Minor Penalty to Daniel Carcillo for Hooking.
5:04 of 1st period - Rene Bourque wins face-off versus Brian Boyle in Stars zone.
5:14 of 1st period - Sean Bergenheim is hit by Brandon Prust and loses puck.
5:58 of 1st period - Icing by Matt Duchene.
5:59 of 1st period - Matt Duchene wins face-off versus Ville Leino in Kings zone.
7:19 of 1st period - Shot by Michael Frolik.
7:19 of 1st period - Stopped by Mathieu Garon without a rebound.
7:20 of 1st period - Scott Gomez wins face-off versus Michael Rupp in Stars zone.
7:35 of 1st period - Minor Penalty to Scott Gomez for Hooking.
7:36 of 1st period - Brian Boyle wins face-off versus Rene Bourque in Stars zone.
7:53 of 1st period - Shot by Sean Bergenheim.
7:53 of 1st period - Shot Misses the Net.
7:55 of 1st period - Shot by Brian Boyle.
7:55 of 1st period - Stopped by Mathieu Garon with a rebound.
7:57 of 1st period - Shot by Sergei Gonchar.
7:57 of 1st period - Shot Misses the Net.
7:59 of 1st period - Shot by Sergei Gonchar.
7:59 of 1st period - Shot Blocked by Mike Komisarek.
8:11 of 1st period - Shot by Erik Condra.
8:11 of 1st period - Stopped by Mathieu Garon without a rebound.
8:12 of 1st period - Matt Duchene wins face-off versus Matt Martin in Stars zone.
8:35 of 1st period - Shot by Justin Faulk.
8:35 of 1st period - Shot Blocked by Nicklas Grossmann.
8:37 of 1st period - Shot by Wojtek Wolski.
8:37 of 1st period - Stopped by Mathieu Garon without a rebound.
8:38 of 1st period - Brian Boyle wins face-off versus Rene Bourque in Stars zone.
9:08 of 1st period - Shot by Vyacheslav Voynov.
9:08 of 1st period - Shot Misses the Net.
9:46 of 1st period - Shot by Ryan Johansen.
9:46 of 1st period - Stopped by Mathieu Garon without a rebound.
9:47 of 1st period - Michael Frolik wins face-off versus Scott Gomez in Stars zone.
9:47 of 1st period - Jonathon Blum is hit by Alec Martinez and loses puck.
10:24 of 1st period - Shot by Jamie McBain.
10:24 of 1st period - Stopped by Mathieu Garon without a rebound.
10:25 of 1st period - Ville Leino wins face-off versus Matt Duchene in Stars zone.
10:33 of 1st period - Shot by Sergei Gonchar.
10:33 of 1st period - Shot Misses the Net.
10:35 of 1st period - Shot by Luke Adam.
10:35 of 1st period - Stopped by Mathieu Garon without a rebound.
10:36 of 1st period - Brian Boyle wins face-off versus Ville Leino in Stars zone.
10:38 of 1st period - Minor Penalty to Mike Komisarek for Roughing.
10:39 of 1st period - Brian Boyle wins face-off versus Rene Bourque in Stars zone.
12:58 of 1st period - Icing by Brad Richards.
12:59 of 1st period - Brad Richards wins face-off versus Michael Rupp in Stars zone.
13:24 of 1st period - Shot by Vyacheslav Voynov.
13:24 of 1st period - Shot Blocked by Raphael Diaz.
13:38 of 1st period - Icing by Raphael Diaz.
13:39 of 1st period - Brad Richards wins face-off versus Michael Frolik in Stars zone.
13:39 of 1st period - Brad Richards is hit by Matt Hendricks.
13:44 of 1st period - Minor Penalty to Matt Hendricks for High sticking.
13:45 of 1st period - Brian Boyle wins face-off versus Ville Leino in Kings zone.
14:55 of 1st period - Shot by Derick Brassard.
14:55 of 1st period - Shot Misses the Net.
14:57 of 1st period - Shot by Mike Cammalleri.
14:57 of 1st period - Stopped by Nikolai Khabibulin without a rebound.
14:58 of 1st period - Brad Richards wins face-off versus Ryan Johansen in Kings zone.
15:01 of 1st period - Shot by Derick Brassard.
15:01 of 1st period - Stopped by Nikolai Khabibulin without a rebound.
15:02 of 1st period - Brad Richards wins face-off versus Brian Boyle in Kings zone.
16:25 of 1st period - Shot by Jamie McBain.
16:25 of 1st period - Stopped by Mathieu Garon without a rebound.
16:26 of 1st period - Matt Duchene wins face-off versus Brandon Prust in Stars zone.
16:26 of 1st period - Matt Duchene is hit by Alec Martinez.
16:32 of 1st period - Shot by Matt Duchene.
16:32 of 1st period - Shot Misses the Net.
16:34 of 1st period - Shot by Joe Corvo.
16:34 of 1st period - Shot Hit the Post.
16:36 of 1st period - Shot by Matt Duchene.
16:36 of 1st period - Stopped by Mathieu Garon with a rebound.
16:38 of 1st period - Shot by Luke Adam.
16:38 of 1st period - Shot Misses the Net.
16:40 of 1st period - Shot by Luke Adam.
16:40 of 1st period - Stopped by Mathieu Garon with a rebound.
16:42 of 1st period - Shot by Matt Duchene.
16:42 of 1st period - Shot Misses the Net.
17:05 of 1st period - Shot by Matt Duchene.
17:05 of 1st period - Shot Misses the Net.
17:07 of 1st period - Shot by Matt Duchene.
17:07 of 1st period - Shot Misses the Net.
18:33 of 1st period - Shot by Matt Martin.
18:33 of 1st period - Shot Misses the Net.
18:35 of 1st period - Shot by Matt Martin.
18:35 of 1st period - Shot Misses the Net.
18:37 of 1st period - Shot by Nick Schultz.
18:37 of 1st period - Stopped by Nikolai Khabibulin without a rebound.
18:38 of 1st period - Matt Duchene wins face-off versus Scott Gomez in Kings zone.
18:38 of 1st period - Matt Duchene is hit by Derick Brassard.
19:33 of 1st period - Daniel Carcillo is hit by Jonathon Blum and loses puck.
19:52 of 1st period - Daniel Carcillo is hit by Jamie McBain and loses puck.

2nd period


0:01 of 2nd period - Brian Boyle wins face-off versus Derick Brassard in neutral zone.
0:36 of 2nd period - Shot by Brandon Prust.
0:36 of 2nd period - Stopped by Nikolai Khabibulin without a rebound.
0:37 of 2nd period - Matt Duchene wins face-off versus Brad Richards in Kings zone.
1:19 of 2nd period - Shot by Matt Duchene.
1:19 of 2nd period - Stopped by Mathieu Garon without a rebound.
1:20 of 2nd period - Brian Boyle wins face-off versus Derick Brassard in Stars zone.
1:20 of 2nd period - Brian Boyle is hit by Nicklas Grossmann.
2:11 of 2nd period - Icing by Sergei Gonchar.
2:12 of 2nd period - Brian Boyle wins face-off versus Ville Leino in Kings zone.
2:37 of 2nd period - Daniel Carcillo is hit by Justin Faulk and loses puck.
3:38 of 2nd period - Icing by Jamie McBain.
3:39 of 2nd period - Michael Frolik wins face-off versus Derick Brassard in Kings zone.
3:54 of 2nd period - Shot by Matt Hendricks.
3:54 of 2nd period - Shot Misses the Net.
4:51 of 2nd period - Shot by Cam Atkinson.
4:51 of 2nd period - Shot Misses the Net.
4:55 of 2nd period - Shot by Cam Atkinson.
4:55 of 2nd period - Stopped by Nikolai Khabibulin without a rebound.
4:56 of 2nd period - Ville Leino wins face-off versus Matt Duchene in Kings zone.
4:56 of 2nd period - Daniel Carcillo is hit by Justin Faulk and loses puck.
5:02 of 2nd period - Icing by Joe Corvo.
5:03 of 2nd period - Matt Duchene wins face-off versus Ville Leino in Kings zone.
5:05 of 2nd period - Joe Corvo is hit by Matt Martin and loses puck.
5:34 of 2nd period - Shot by Luke Adam.
5:34 of 2nd period - Shot Blocked by Raphael Diaz.
5:45 of 2nd period - Minor Penalty to Mike Komisarek for Roughing.
5:46 of 2nd period - Rene Bourque wins face-off versus Brian Boyle in Stars zone.
5:46 of 2nd period - Rene Bourque is hit by Brian Boyle.
6:10 of 2nd period - Shot by Sergei Gonchar.
6:10 of 2nd period - Shot Misses the Net.
6:12 of 2nd period - Shot by Erik Condra.
6:12 of 2nd period - Shot Misses the Net.
6:16 of 2nd period - Shot by Vyacheslav Voynov.
6:16 of 2nd period - Stopped by Mathieu Garon with a rebound.
6:26 of 2nd period - Shot by Erik Condra.
6:26 of 2nd period - Stopped by Mathieu Garon without a rebound.
6:27 of 2nd period - Matt Duchene wins face-off versus Rene Bourque in Stars zone.
6:28 of 2nd period - Shot by Joe Corvo.
6:28 of 2nd period - Stopped by Mathieu Garon without a rebound.
6:29 of 2nd period - Rene Bourque wins face-off versus Matt Duchene in Stars zone.
6:58 of 2nd period - Shot by Wojtek Wolski.
6:58 of 2nd period - Deflect By Luke Adam.
6:58 of 2nd period - Stopped by Mathieu Garon without a rebound.
6:59 of 2nd period - Rene Bourque wins face-off versus Brian Boyle in Stars zone.
7:03 of 2nd period - Nick Schultz is hit by Brian Boyle.
7:12 of 2nd period - Vyacheslav Voynov is hit by Alec Martinez.
7:24 of 2nd period - Shot by Vyacheslav Voynov.
7:24 of 2nd period - Deflect By Brian Boyle.
7:24 of 2nd period - Stopped by Mathieu Garon without a rebound.
7:25 of 2nd period - Matt Duchene wins face-off versus Rene Bourque in Stars zone.
8:15 of 2nd period - Icing by Matt Hendricks.
8:16 of 2nd period - Michael Frolik wins face-off versus Ville Leino in Kings zone.
8:16 of 2nd period - Michael Frolik is hit by Daniel Carcillo.
8:26 of 2nd period - Shot by Alec Martinez.
8:26 of 2nd period - Deflect By Matt Martin.
8:26 of 2nd period - Stopped by Nikolai Khabibulin without a rebound.
8:27 of 2nd period - Brian Boyle wins face-off versus Derick Brassard in Kings zone.
8:29 of 2nd period - Icing by Sergei Gonchar.
8:30 of 2nd period - Derick Brassard wins face-off versus Sean Bergenheim in Kings zone.
8:48 of 2nd period - Shot by Rene Bourque.
8:48 of 2nd period - Stopped by Nikolai Khabibulin with a rebound.
9:00 of 2nd period - Shot by Brandon Prust.
9:00 of 2nd period - Stopped by Nikolai Khabibulin with a rebound.
9:02 of 2nd period - Shot by Derick Brassard.
9:02 of 2nd period - Shot Misses the Net.
9:04 of 2nd period - Shot by Rene Bourque.
9:04 of 2nd period - Shot Blocked by Sergei Gonchar.
9:39 of 2nd period - Shot by Cam Atkinson.
9:39 of 2nd period - Stopped by Nikolai Khabibulin without a rebound.
9:40 of 2nd period - Ville Leino wins face-off versus Matt Duchene in Kings zone.
9:41 of 2nd period - Shot by Raphael Diaz.
9:41 of 2nd period - Shot Misses the Net.
10:40 of 2nd period - Matt Hendricks is hit by Alec Martinez and loses puck.
11:01 of 2nd period - Jamie McBain is hit by Brad Richards and loses puck.
11:07 of 2nd period - Michael Frolik is hit by Alec Martinez and loses puck.
11:29 of 2nd period - Icing by Alec Martinez.
11:30 of 2nd period - Brad Richards wins face-off versus Brian Boyle in Stars zone.
11:34 of 2nd period - Off-side.
11:35 of 2nd period - Matt Duchene wins face-off versus Derick Brassard in neutral zone.
11:38 of 2nd period - Brandon Prust is hit by Wojtek Wolski and loses puck.
11:50 of 2nd period - Luke Adam is hit by Nicklas Grossmann and loses puck.
11:58 of 2nd period - Off-side.
11:59 of 2nd period - Brian Boyle wins face-off versus Ville Leino in neutral zone.
12:32 of 2nd period - Shot by Erik Condra.
12:32 of 2nd period - Shot Misses the Net.
12:34 of 2nd period - Shot by Vyacheslav Voynov.
12:34 of 2nd period - Shot Misses the Net.
13:01 of 2nd period - Justin Faulk is hit by Nicklas Grossmann and loses puck.
13:05 of 2nd period - Icing by Nicklas Grossmann.
13:06 of 2nd period - Michael Frolik wins face-off versus Derick Brassard in Stars zone.
13:06 of 2nd period - Michael Frolik is hit by Nick Schultz.
13:35 of 2nd period - Jonathon Blum is hit by Nicklas Grossmann and loses puck.
13:43 of 2nd period - Minor Penalty to Jonathon Blum for Hooking.
13:44 of 2nd period - Brad Richards wins face-off versus Brian Boyle in Kings zone.
14:00 of 2nd period - Icing by Alec Martinez.
14:01 of 2nd period - Brad Richards wins face-off versus Brian Boyle in Stars zone.
14:01 of 2nd period - Brad Richards is hit by Brian Boyle.
14:09 of 2nd period - Shot by John-Michael Liles.
14:09 of 2nd period - Stopped by Nikolai Khabibulin without a rebound.
14:10 of 2nd period - Brian Boyle wins face-off versus Ville Leino in Kings zone.
14:10 of 2nd period - Brian Boyle is hit by Rene Bourque.
14:50 of 2nd period - Icing by Raphael Diaz.
14:51 of 2nd period - Ville Leino wins face-off versus Matt Duchene in Stars zone.
14:53 of 2nd period - Icing by Raphael Diaz.
14:54 of 2nd period - Brian Boyle wins face-off versus Ville Leino in Stars zone.
14:54 of 2nd period - Brian Boyle is hit by Jakub Kindl.
15:09 of 2nd period - Icing by Jakub Kindl.
15:10 of 2nd period - Ville Leino wins face-off versus Brian Boyle in Stars zone.
16:05 of 2nd period - Shot by Michael Frolik.
16:05 of 2nd period - Shot Misses the Net.
16:11 of 2nd period - Shot by Michael Frolik.
16:11 of 2nd period - Stopped by Mathieu Garon with a rebound.
16:13 of 2nd period - Shot by Matt Hendricks.
16:13 of 2nd period - Stopped by Mathieu Garon without a rebound.
16:14 of 2nd period - Scott Gomez wins face-off versus Matt Duchene in Stars zone.
16:23 of 2nd period - Icing by Sergei Gonchar.
16:24 of 2nd period - Rene Bourque wins face-off versus Matt Duchene in Kings zone.
16:27 of 2nd period - Shot by Derick Brassard.
16:27 of 2nd period - Stopped by Nikolai Khabibulin without a rebound.
16:28 of 2nd period - Derick Brassard wins face-off versus Matt Duchene in Kings zone.
16:28 of 2nd period - Derick Brassard is hit by Vyacheslav Voynov.
16:31 of 2nd period - Rene Bourque is hit by Sergei Gonchar and loses puck.
16:51 of 2nd period - Derick Brassard is hit by Sergei Gonchar and loses puck.
16:52 of 2nd period - Minor Penalty to Sergei Gonchar for Roughing.
16:53 of 2nd period - Brian Boyle wins face-off versus Mike Cammalleri in Kings zone.
16:53 of 2nd period - Brian Boyle is hit by Derick Brassard.
17:49 of 2nd period - Shot by Rene Bourque.
17:49 of 2nd period - Stopped by Nikolai Khabibulin without a rebound.
17:50 of 2nd period - Ville Leino wins face-off versus Matt Duchene in Kings zone.
17:51 of 2nd period - Shot by Alec Martinez.
17:51 of 2nd period - Shot Blocked by Jonathon Blum.
17:53 of 2nd period - Shot by Rene Bourque.
17:53 of 2nd period - Goal by Rene Bourque - Stars : 2 - Kings : 0.
17:54 of 2nd period - Luke Adam wins face-off versus Ville Leino in neutral zone.
17:56 of 2nd period - Matt Duchene is hit by Nick Schultz and loses puck.
17:58 of 2nd period - Minor Penalty to Nicklas Grossmann for Hooking.
17:59 of 2nd period - Matt Duchene wins face-off versus Rene Bourque in Stars zone.
18:13 of 2nd period - Minor Penalty to Mike Komisarek for Slashing.
18:14 of 2nd period - Brian Boyle wins face-off versus Rene Bourque in Stars zone.
18:31 of 2nd period - Shot by Joe Corvo.
18:31 of 2nd period - Shot Misses the Net.
18:33 of 2nd period - Shot by Erik Condra.
18:33 of 2nd period - Deflect By Brian Boyle.
18:33 of 2nd period - Shot Misses the Net.
18:35 of 2nd period - Shot by Brian Boyle.
18:35 of 2nd period - Stopped by Mathieu Garon with a rebound.
18:37 of 2nd period - Shot by Joe Corvo.
18:37 of 2nd period - Stopped by Mathieu Garon without a rebound.
18:38 of 2nd period - Matt Duchene wins face-off versus Rene Bourque in Stars zone.
19:46 of 2nd period - Shot by Justin Faulk.
19:46 of 2nd period - Stopped by Mathieu Garon without a rebound.
19:47 of 2nd period - Brandon Prust wins face-off versus Erik Condra in Stars zone.
19:47 of 2nd period - Brandon Prust is hit by Sean Bergenheim.

3rd period


0:01 of 3rd period - Brian Boyle wins face-off versus Rene Bourque in neutral zone.
0:15 of 3rd period - Shot by Justin Faulk.
0:15 of 3rd period - Shot Blocked by Mike Komisarek.
0:20 of 3rd period - Off-side.
0:21 of 3rd period - Brian Boyle wins face-off versus Brad Richards in neutral zone.
0:45 of 3rd period - Shot by Brad Richards.
0:45 of 3rd period - Stopped by Nikolai Khabibulin without a rebound.
0:46 of 3rd period - Derick Brassard wins face-off versus Matt Duchene in Kings zone.
1:52 of 3rd period - Sean Bergenheim is hit by Nicklas Grossmann and loses puck.
4:01 of 3rd period - Icing by Raphael Diaz.
4:02 of 3rd period - Matt Duchene wins face-off versus Ville Leino in Stars zone.
4:28 of 3rd period - Icing by Rene Bourque.
4:29 of 3rd period - Michael Rupp wins face-off versus Derick Brassard in Stars zone.
5:25 of 3rd period - Sergei Gonchar is hit by Keith Ballard and loses puck.
5:52 of 3rd period - Justin Faulk is hit by Nicklas Grossmann and loses puck.
6:05 of 3rd period - Shot by Mike Cammalleri.
6:05 of 3rd period - Stopped by Nikolai Khabibulin without a rebound.
6:06 of 3rd period - Michael Frolik wins face-off versus Ville Leino in Kings zone.
6:23 of 3rd period - Shot by Michael Frolik.
6:23 of 3rd period - Shot Blocked by John-Michael Liles.
6:58 of 3rd period - Alec Martinez is hit by Wojtek Wolski and loses puck.
7:11 of 3rd period - Shot by Brad Richards.
7:11 of 3rd period - Goal by Brad Richards - Stars : 3 - Kings : 0.
7:12 of 3rd period - Brian Boyle wins face-off versus Brad Richards in neutral zone.
7:28 of 3rd period - Shot by Sean Bergenheim.
7:28 of 3rd period - Stopped by Mathieu Garon without a rebound.
7:29 of 3rd period - Luke Adam wins face-off versus Brad Richards in Stars zone.
7:56 of 3rd period - Shot by Raphael Diaz.
7:56 of 3rd period - Stopped by Nikolai Khabibulin without a rebound.
7:57 of 3rd period - Derick Brassard wins face-off versus Brian Boyle in Kings zone.
8:03 of 3rd period - Icing by Sergei Gonchar.
8:04 of 3rd period - Derick Brassard wins face-off versus Brian Boyle in Kings zone.
8:34 of 3rd period - Off-side.
8:35 of 3rd period - Matt Duchene wins face-off versus Brad Richards in neutral zone.
8:44 of 3rd period - Shot by Matt Duchene.
8:44 of 3rd period - Goal by Matt Duchene - Stars : 3 - Kings : 1.
8:45 of 3rd period - Michael Frolik wins face-off versus Brad Richards in neutral zone.
8:47 of 3rd period - Justin Faulk is hit by Alec Martinez and loses puck.
9:14 of 3rd period - Shot by Brad Richards.
9:14 of 3rd period - Stopped by Nikolai Khabibulin without a rebound.
9:15 of 3rd period - Brandon Prust wins face-off versus Brian Boyle in Kings zone.
9:31 of 3rd period - Sean Bergenheim is hit by Nicklas Grossmann and loses puck.
9:40 of 3rd period - Shot by Erik Condra.
9:40 of 3rd period - Shot Misses the Net.
9:42 of 3rd period - Shot by Brian Boyle.
9:42 of 3rd period - Shot Misses the Net.
9:44 of 3rd period - Shot by Erik Condra.
9:44 of 3rd period - Stopped by Mathieu Garon without a rebound.
9:45 of 3rd period - Brad Richards wins face-off versus Matt Duchene in Stars zone.
9:45 of 3rd period - Brad Richards is hit by Wojtek Wolski.
9:48 of 3rd period - Icing by Raphael Diaz.
9:49 of 3rd period - Matt Duchene wins face-off versus Brad Richards in Stars zone.
10:16 of 3rd period - Shot by Matt Duchene.
10:16 of 3rd period - Shot Misses the Net.
10:51 of 3rd period - Vyacheslav Voynov is hit by Nicklas Grossmann and loses puck.
11:50 of 3rd period - Matt Martin is hit by Vyacheslav Voynov and loses puck.
13:38 of 3rd period - Shot by Mike Komisarek.
13:38 of 3rd period - Shot Misses the Net.
13:54 of 3rd period - Shot by Ville Leino.
13:54 of 3rd period - Shot Blocked by Ryan Johansen.
14:34 of 3rd period - Shot by Scott Gomez.
14:34 of 3rd period - Shot Blocked by Jamie McBain.
14:36 of 3rd period - Shot by John-Michael Liles.
14:36 of 3rd period - Shot Blocked by Matt Hendricks.
14:48 of 3rd period - Shot by Mike Cammalleri.
14:48 of 3rd period - Stopped by Nikolai Khabibulin without a rebound.
14:49 of 3rd period - Matt Duchene wins face-off versus Brad Richards in Kings zone.
15:08 of 3rd period - Shot by Wojtek Wolski.
15:08 of 3rd period - Deflect By Luke Adam.
15:08 of 3rd period - Shot Blocked by Keith Ballard.
15:10 of 3rd period - Shot by Wojtek Wolski.
15:10 of 3rd period - Stopped by Mathieu Garon without a rebound.
15:11 of 3rd period - Michael Rupp wins face-off versus Derick Brassard in Stars zone.
15:12 of 3rd period - Shot by Matt Taormina.
15:12 of 3rd period - Stopped by Mathieu Garon without a rebound.
15:13 of 3rd period - Matt Duchene wins face-off versus Ville Leino in Stars zone.
15:18 of 3rd period - Shot by Luke Adam.
15:18 of 3rd period - Shot Blocked by Alec Martinez.
16:01 of 3rd period - Joe Corvo is hit by Nicklas Grossmann and loses puck.
16:32 of 3rd period - Minor Penalty to Brandon Prust for Holding.
16:33 of 3rd period - Rene Bourque wins face-off versus Brian Boyle in Stars zone.
16:42 of 3rd period - Shot by Vyacheslav Voynov.
16:42 of 3rd period - Stopped by Mathieu Garon without a rebound.
16:43 of 3rd period - Rene Bourque wins face-off versus Brian Boyle in Stars zone.
16:43 of 3rd period - Rene Bourque is hit by Sean Bergenheim.
17:11 of 3rd period - Shot by Sergei Gonchar.
17:11 of 3rd period - Shot Misses the Net.
17:59 of 3rd period - Shot by Justin Faulk.
17:59 of 3rd period - Shot Misses the Net.
18:01 of 3rd period - Shot by Justin Faulk.
18:01 of 3rd period - Stopped by Mathieu Garon without a rebound.
18:02 of 3rd period - Rene Bourque wins face-off versus Brian Boyle in Stars zone.
18:02 of 3rd period - Rene Bourque is hit by Brian Boyle.
18:08 of 3rd period - Sergei Gonchar is hit by Derick Brassard and loses puck.
18:42 of 3rd period - Ryan Johansen is hit by Keith Ballard and loses puck.
18:56 of 3rd period - Michael Frolik is hit by Keith Ballard and loses puck.
19:09 of 3rd period - Shot by Ryan Johansen.
19:09 of 3rd period - Stopped by Mathieu Garon without a rebound.
19:10 of 3rd period - Matt Duchene wins face-off versus Ville Leino in Stars zone.
19:40 of 3rd period - Matt Duchene is hit by Mike Komisarek and loses puck.
19:54 of 3rd period - Minor Penalty to Brandon Prust for Hooking.
19:55 of 3rd period - Brian Boyle wins face-off versus Rene Bourque in Stars zone.


Output by the SimonT Hockey Simulator (STHS) for Stephane Roy -- Original Page W3C XHTML 1.0 Valid
Hockey Simulator - Hockey Simulation - Hockey Manager